cohdb
Replays
Latest Replays
All Replays
Popular Replays
Top Player Replays
Match Explorer
How It Works
Community
CoH3 Stats
Reddit
Sign in to upload your games and track your stats! →
Sign in with Steam
Match 41024637
Unlisted
Match 41024637
Overview
Messages
Build Orders
End
Selects Italian Combined Arms Battlegroup
Selects Bersaglieri Squad
Bersaglieri Squad
250 Light Carrier
Bersaglieri Squad
Bersaglieri Squad
Construct Light Support Kompanie
Combat Half-tracks
2.5-tonne Medical Truck
Selects Bersaglieri Bolster
Panzerjäger Mechanized Group
Fire Support Elements
Selects Breda Model 30 Light Machine Guns
Bersaglieri Squad
Pak 38 Anti-tank Gun Team
Construct Panzerarmee Kommand
Armored Reserves
Panzer IV Assault Group
Selects Semovente da 75/18 Assault Gun
Selects Carro Armato M13/40 Light Tank
Selects Pact of Steel
Carro Armato M13/40 Light Tank
Pak 38 Anti-tank Gun Team
Tiger Heavy Tank
Panzer III L Medium Tank
Panzerpioneer Squad
Panzer IV Assault Group
Pie-Eater
Guziol#
0
0
Comments
sign in to comment!
No comments posted yet!